Unix NetHack Version 5.0.0-0 post-release - last build May  4 2026 22:22:43 (774f63e81ad911689b3a0859ea89b322d5daca8d,branch:main).

Game began 2026-05-06 06:26:17, ended 2026-05-06 06:47:03.

01246791210, lawful female dwarven Valkyrie

       ----
       |..|        -                 ---- -----
     ---..-----    .---             --..---.|.---------  ---
     |........---  -..|          ----.*...)).[.).>`...)....---  |
     |..........|--|..--------   |.[...<......s-  ....."........|
     |......%...|..--...|.|..-- --.|........Z@.....r...#...#s#-
     ---...+..................---..|....--...........----   |
      --..........................---.----.)........--
    ---........................|.-- ---  .---.......|
   --..........................|.|       .  |.......|
   |.............---.............--       ---.....---
   |......--.----- ---.........--.--   ...........|
   ---....-------------.........[.................|
    -...........................| ..........---..--
 .....|.....-------............--  | | |  ..-  ---
------|.....|     |.----.......--
      -------     -.|--.........|
                   .||.......`.--
                  -----......---
                      ---.|.--
                        -----
01246791210 the Skirmisher  St:18 Dx:13 Co:17 In:8 Wi:8 Ch:11  Lawful
Dlvl:5  $:46 HP:0(53) Pw:8(8) AC:6  Xp:5 T:3334  Weak     Burdened

Latest messages:
 The ghoul hits again!
 Your leg feels better.
 Your movements are now unencumbered.
 The cave spider spins a web.
 The ghoul hits!
 The ghoul hits again!
 You can move again.
 You are caught in a bear trap.
 The ghoul hits!
 You are frozen by the ghoul!
 The ghoul hits again!
 The ghoul hits!
 The ghoul hits again!
 You can move again.
 You don't have anything to eat.
 You are caught in a bear trap.
 You are caught in a bear trap.
 The ghoul hits!
 The ghoul hits again!
 You are caught in a bear trap.
 You are caught in a bear trap.
 The ghoul hits!
 The ghoul hits again!
 You are caught in a bear trap.
 The ghoul hits!
 The ghoul hits again!
 You are caught in a bear trap.
 The cave spider bites!
 You are caught in a bear trap.
 The cave spider misses!
 The cave spider bites!
 Valkyrie needs food, badly!
 Your movements are slowed slightly because of your load.
 You are caught in a bear trap.
 The cave spider bites!
 The cave spider misses!
 You are caught in a bear trap.
 The cave spider bites!
 The cave spider misses!
 You kill the cave spider!
 The cave spider bites!
 The ghoul hits!
 The ghoul hits again!
 The cave spider bites!
 You die...
 Do you want your possessions identified? [ynq] (y) n
 Do you want to see your attributes? [ynq] (y) n
 Do you want an account of creatures vanquished? [ynaq] (y) n
 Do you want to see your conduct and achievements? [ynq] (y) n
 Do you want to see the dungeon overview? [ynq] (y) n

Inventory:
 Coins    ('$')
  $ - 46 gold pieces
 Weapons  (')')
  w - 10 +0 darts
  b - a +0 dagger (alternate weapon; not wielded)
  I - a +0 dwarvish spear
  a - a corroded +1 dwarvish spear (weapon in left hand)
  J - a +0 dwarvish short sword
 Armor    ('[')
  K - a blessed +0 dwarvish iron helm
  e - an uncursed +0 orcish helm
  c - an uncursed +3 small shield (being worn)
  y - an uncursed +2 oilskin cloak
  l - an uncursed +0 T-shirt with text "Don't Panic"
  s - an uncursed +0 elven mithril-coat
 Scrolls  ('?')
  H - an uncursed scroll of enchant armor
  i - an uncursed scroll of genocide
  h - 3 uncursed scrolls of teleportation
 Spellbooks  ('+')
  g - an uncursed spellbook of create monster
 Potions  ('!')
  t - a blessed potion of fruit juice
  v - an uncursed potion of levitation
  D - an uncursed potion of restore ability
  B - an uncursed potion of water
 Tools    ('(')
  A - an empty uncursed locked large box
  r - an uncursed sack containing 1 item
  z - an uncursed oil lamp
  p - 3 blessed wax candles

Contents of the sack:
  an uncursed scroll of enchant weapon

01246791210 the Valkyrie's attributes:

Background:
 You were a Skirmisher, a level 5 dwarven Valkyrie.
 You were lawful, nominally on a mission for Tyr
 who was opposed by Odin (neutral) and Loki (chaotic).
 You were left-handed.
 You were in the Gnomish Mines, on level 5.
 You entered the dungeon 3334 turns ago.
 You had 176 experience points, 144 more were needed to attain level 6.

Basics:
 You had 0 out of 53 hit points.
 You had all 8 energy points (spell power).
 Your armor class was 6.
 Your wallet contained 46 zorkmids.
 Autopickup was off.

Final Characteristics:
 Your strength was 18 (base:18/01, limit:18/100).
 Your dexterity was 13 (limit:20).
 Your constitution was 17 (limit:20).
 Your intelligence was 8 (limit:16).
 Your wisdom was 8 (peak:9, limit:16).
 Your charisma was 11 (limit:16).

Final Status:
 You were trapped in a bear trap.
 You were weak from severe hunger.
 You were burdened; movement was slightly slowed.
 You were wielding a spear.
 You had basic skill with spear.

Final Attributes:
 You were piously aligned.
 You were cold resistant.
 You were poison resistant.
 You had infravision.
 You were stealthy.
 You are dead.

Miscellaneous:
 You encountered 1 bones level.
 Total elapsed playing time was 20 minutes and 37 seconds.

Major events:
 Turn
    1: 01246791210 the lawful dwarven Valkyrie entered the dungeon
 1254: attained the rank of Skirmisher (level 3)
 3058: entered the Gnomish Mines
 3334: killed by a cave spider

You didn't know any spells.

Skills:
 Fighting Skills
   bare handed combat [Unskilled]
   two weapon combat  [Unskilled]
   riding             [Unskilled]
 Weapon Skills
   dagger             [Basic]
   axe                [Unskilled]
   pick-axe           [Unskilled]
   short sword        [Unskilled]
   broadsword         [Unskilled]
   long sword         [Unskilled]
   two-handed sword   [Unskilled]
   saber              [Unskilled]
   hammer             [Unskilled]
   quarterstaff       [Unskilled]
   polearms           [Unskilled]
   spear              [Basic]
   trident            [Unskilled]
   lance              [Unskilled]
   sling              [Unskilled]
 Spellcasting Skills
   attack spells      [Unskilled]
   escape spells      [Unskilled]

Voluntary challenges:
 Character rerolling was not enabled.
 You were an atheist.
 You were illiterate.
 You never genocided any monsters.
 You never polymorphed an object.
 You never changed form.
 You used no wishes.
Achievements:
 You attained the rank of Skirmisher.
 You entered a shop.
 You entered the Gnomish Mines.

 The Dungeons of Doom: levels 1 to 3
    Level 1:
    Level 2:
       A general store, a fountain.
    Level 3:
       Stairs down to The Gnomish Mines.
 The Gnomish Mines: levels 4 to 5
    Level 4:
    Level 5: <- You were here.
       A grave.
       Final resting place for
          you, killed by a cave spider,
          h2g2-Ran-Elf-Fem-Cha, killed by a rabid rat.


Vanquished creatures:
  a rock mole
  2 elf zombies
  a little dog
  a kobold shaman
  a rabid rat
  2 acid blobs
  a large kobold
  a giant rat
  2 cave spiders
  9 jackals
  3 foxes
  3 kobolds
  a goblin
  3 sewer rats
 10 grid bugs
  2 bats
  2 lichens
  4 kobold zombies
  6 newts
55 creatures vanquished.

No species were genocided or became extinct.

Game over:
                       ----------
                      /          \
                     /    REST    \
                    /      IN      \
                   /     PEACE      \
                  /                  \
                  |   01246791210    |
                  |      46 Au       |
                  | killed by a cave |
                  |      spider      |
                  |                  |
                  |                  |
                  |       2026       |
                 *|     *  *  *      | *
        _________)/\\_//(\/(/\)/\//\/|_)_______

Farvel 01246791210 the Valkyrie...

You died in The Gnomish Mines on dungeon level 5 with 946 points,
and 46 pieces of gold, after 3334 moves.
You were level 5 with a maximum of 53 hit points when you died.

